 Dungeon Crawl Stone Soup version 0.26-a0-67-g850bfe6 (webtiles) character file.

Game seed: 15861073191970519701

336260 thirtiethelement the Fetichist (level 21, -8/168 HPs)
             Began as a Gnoll Fighter on June 13, 2020.
             Was a High Priest of Cheibriados.
             Killed from afar by a fire giant (14 damage)
             ... with a fireball
             ... on level 3 of the Vaults.
             The game lasted 02:17:26 (38666 turns).

thirtiethelement the Fetichist (Gnoll Fighter)     Turns: 38666, Time: 02:17:26

Health: -8/168     AC: 36    Str: 40    XL:     21   Next: 88%
Magic:  5/39       EV: 25    Int: 22    God:    Cheibriados [*****.]
Gold:   2658       SH: 24    Dex: 35    Spells: 29/48 levels left

rFire    + . .     SeeInvis +   L - +10 long sword of the Endless Expanse {flame, +Rage}
rCold    . . .     Gourm    .   c - +2 kite shield
rNeg     + . .     Faith    .   H - +1 plate armour of Zocipub {rN+ Slay+3} (curse)
rPois    .         Spirit   .   W - +2 helmet {SInv}
rElec    .         Reflect  .   b - +2 cloak {rCorr}
rCorr    +         Harm     .   s - +2 pair of gloves
MR       +....     Clarity  +   p - +2 pair of boots
Stlth    ++........             T - amulet of regeneration
HPRegen  0.78/turn              I - +6 ring of dexterity
MPRegen  0.26/turn              O - ring of the Death Scarab {rF+ MR++ AC+4}

@: lethally poisoned (-8 -> -8), vulnerable, very slightly contaminated,
studying Evocations, very slow
A: distributed training, fangs 1, talons 1, large bone plates 1, clarity, dopey
1, sense surroundings 1, strong nose
}: 2/15 runes: decaying, serpentine
a: Bend Time, Temporal Distortion, Slouch, Step From Time, Renounce Religion,
Evoke Berserk Rage


You were on level 3 of the Vaults.
You worshipped Cheibriados.
Cheibriados was extremely pleased with you.
You were very hungry.

You visited 7 branches of the dungeon, and saw 35 of its levels.
You also visited: Sewer, Bailey and Volcano.

You collected 5995 gold pieces.
You spent 3337 gold pieces at shops.

Inventory:

Hand Weapons
 i - the +10 long sword of Governance {freeze, rN+ Int+2}
   (You bought it in a shop on level 2 of the Orcish Mines)

   It has been specially enchanted to freeze those struck by it, causing extra
   injury to most foes and up to half again as much damage against particularly
   susceptible opponents.
   It can also slow down cold-blooded creatures.
   It affects your intelligence (+2).
   It protects you from negative energy.
 E - the +5 flail "Anaom" {venom, rF++}
   (You found it on level 6 of the Dungeon)

   It poisons the flesh of those it strikes.
   It greatly protects you from fire.
 L - the +10 long sword of the Endless Expanse (weapon) {flame, +Rage}
   (You found it on level 1 of the Orcish Mines)

   It has been specially enchanted to burn those struck by it, causing extra
   injury to most foes and up to half again as much damage against particularly
   susceptible opponents.
   Big, fiery blades are also staple armaments of hydra-hunters.
   It lets you go berserk.
Missiles
 t - 13 boomerangs (quivered)
Armour
 b - a +2 cloak of preservation (worn)
 c - a +2 kite shield (worn)
 p - a +2 pair of boots (worn)
 s - a +2 pair of gloves (worn)
 H - the cursed +1 plate armour of Zocipub (worn) {rN+ Slay+3}
   (You bought it in a shop on level 8 of the Dungeon)

   It affects your accuracy and damage with ranged weapons and melee attacks
   (+3).
   It protects you from negative energy.
   It has a curse placed upon it.
 P - a +2 hat of magic resistance
 Q - the +6 plate armour of Cueseall {rN+}
   (You found it on level 6 of the Lair of Beasts)

   It protects you from negative energy.
 W - a +2 helmet of see invisible (worn)
Jewellery
 y - an uncursed amulet of reflection
 I - a +6 ring of dexterity (left hand)
 O - the ring of the Death Scarab (right hand) {rF+ MR++ AC+4}
   (You bought it in a shop on level 2 of the Vaults)

   [ring of protection]

   It affects your AC (+4).
   It protects you from fire.
   It affects your resistance to hostile enchantments.
 T - an amulet of regeneration (around neck)
 Y - an uncursed ring of flight
 Z - an uncursed ring of resist corrosion
Wands
 a - a wand of clouds (10)
 g - a wand of flame (27)
 j - a wand of iceblast (22)
 C - a wand of paralysis (30)
 D - a wand of digging (4)
 J - a wand of disintegration (9)
 R - a wand of enslavement (14)
 U - a wand of acid (29)
Scrolls
 e - 17 scrolls of identify
 k - 2 scrolls of fog
 m - 5 scrolls of enchant weapon
 q - 9 scrolls of amnesia
 u - 18 scrolls of teleportation
 z - 12 scrolls of remove curse
 F - a scroll of magic mapping
 K - 3 scrolls of silence
 X - 2 scrolls of fear
Potions
 d - 4 potions of might
 h - 12 potions of brilliance
 n - 7 potions of curing
 r - 5 potions of ambrosia
 v - a potion of invisibility
 w - 5 potions of stabbing
 x - 2 potions of mutation
 B - 2 potions of magic
 G - 3 potions of cancellation
Books
 N - a manual of Evocations
Miscellaneous
 l - a tin of tremorstones (3/3)
 o - 2 phantom mirrors
 M - a lightning rod (4/4)
Comestibles
 f - 45 rations
 A - 8 chunks of flesh


   Skills:
 + Level 15.1 Fighting
 + Level 14.0 Short Blades
 + Level 14.0 Long Blades
 + Level 14.5 Axes
 + Level 14.0 Maces & Flails
 + Level 14.0 Polearms
 + Level 14.0 Staves
 + Level 14.0 Slings
 + Level 14.0 Bows
 + Level 14.0 Crossbows
 + Level 14.0 Throwing
 + Level 15.1 Armour
 + Level 14.0 Dodging
 + Level 14.0 Stealth
 + Level 15.1 Shields
 + Level 14.0 Unarmed Combat
 + Level 14.0 Spellcasting
 + Level 12.0 Conjurations
 + Level 12.0 Hexes
 + Level 12.0 Charms
 + Level 12.0 Summonings
 + Level 12.0 Necromancy
 + Level 12.0 Translocations
 + Level 12.0 Transmutations
 + Level 12.0 Fire Magic
 + Level 12.0 Ice Magic
 + Level 12.0 Air Magic
 + Level 12.0 Earth Magic
 + Level 12.0 Poison Magic
 + Level 15.0 Invocations
 + Level 18.2 Evocations


You had 29 spell levels left.
You knew the following spells:

 Your Spells              Type           Power        Failure   Level  Hunger
a - Corona                Hex            ######.      1%          1    None
b - Mephitic Cloud        Conj/Pois/Air  ######..     1%          3    None
c - Summon Lightning Spi  Summ/Air       ######..     1%          4    None
d - Fireball              Conj/Fire      ######....   3%          5    ###....
e - Freezing Cloud        Conj/Ice/Air   ######....   16%         6    #####..

Your spell library contained the following spells:

 Spells                   Type           Power        Failure   Level  Hunger
 Animate Skeleton         Necr           N/A          1%          1    None
 Apportation              Tloc           ######       1%          1    None
 Beastly Appendage        Tmut           ######       1%          1    None
 Foxfire                  Conj/Fire      ####         1%          1    None
 Infusion                 Chrm           ####         1%          1    None
 Pain                     Necr           ####         1%          1    None
 Shock                    Conj/Air       ####         1%          1    None
 Summon Small Mammal      Summ           ####         1%          1    None
 Ensorcelled Hibernation  Hex/Ice        ######       1%          2    None
 Poisonous Vapours        Pois/Air       ######       1%          2    None
 Shroud of Golubria       Chrm/Tloc      ######       1%          2    None
 Song of Slaying          Chrm           ######..     1%          2    None
 Sticks to Snakes         Tmut           ######..     1%          2    None
 Sublimation of Blood     Necr           ######....   1%          2    None
 Swiftness                Chrm/Air       ######..     1%          2    None
 Confusing Touch          Hex            ######..     1%          3    None
 Conjure Flame            Conj/Fire      ######..     1%          3    None
 Gell's Gravitas          Tloc           ######....   1%          3    None
 Ignite Poison            Fire/Tmut/Pois ######..     1%          3    None
 Inner Flame              Hex/Fire       ######..     1%          3    None
 Ozocubu's Armour         Chrm/Ice       ######..     1%          3    None
 Portal Projectile        Hex/Tloc       ######       1%          3    None
 Spectral Weapon          Hex/Chrm       ######..     1%          3    None
 Spider Form              Tmut/Pois      ######....   1%          3    None
 Static Discharge         Conj/Air       ######..     1%          3    None
 Vampiric Draining        Necr           ######....   1%          3    None
 Airstrike                Air            ######....   1%          4    None
 Animate Dead             Necr           N/A          1%          4    None
 Cause Fear               Hex            ######....   1%          4    None
 Ice Form                 Ice/Tmut       ######..     1%          4    None
 Leda's Liquefaction      Hex/Erth       ######....   1%          4    None
 Petrify                  Tmut/Erth      ######..     1%          4    None
 Sticky Flame             Conj/Fire      ######..     1%          4    None
 Agony                    Necr           ######..     3%          5    ###....
 Alistair's Intoxication  Tmut/Pois      ######..     3%          5    ###....
 Blade Hands              Tmut           ######....   3%          5    ###....
 Bolt of Magma            Conj/Fire/Erth ######....   3%          5    ###....
 Borgnjor's Vile Clutch   Necr/Erth      ######....   3%          5    ###....
 Irradiate                Conj/Tmut      ######....   3%          5    ###....
 Lightning Bolt           Conj/Air       ######....   3%          5    ###....
 Metabolic Englaciation   Hex/Ice        ######....   3%          5    ###....
 Silence                  Hex/Air        ######....   3%          5    ###....
 Yara's Violent Unravell  Hex/Tmut       ######....   3%          5    ###....
 Conjure Ball Lightning   Conj/Air       ######....   16%         6    #####..
 Darkness                 Hex            ######....   16%         6    #####..
 Dispersal                Tloc           ######....   16%         6    #####..
 Eringya's Noxious Bog    Tmut/Pois      ######....   16%         6    #####..
 Iron Shot                Conj/Erth      ######....   16%         6    #####..
 Shadow Creatures         Summ           N/A          16%         6    #####..
 Starburst                Conj/Fire      ######....   16%         6    #####..
 Statue Form              Tmut/Erth      ######...    16%         6    #####..
 Dragon Form              Tmut           ######....   65%         7    ######.
 Ring of Flames           Chrm/Fire      ######....   65%         7    ######.
 Controlled Blink         Tloc           N/A          100%        8    #######
 Disjunction              Tloc           ######....   100%        8    #######
 Ignition                 Fire           ######....   100%        8    #######
 Dragon's Call            Summ           ######....   100%        9    #######
 Shatter                  Erth           ######....   100%        9    #######
 Tornado                  Air            ######....   100%        9    #######


Dungeon Overview and Level Annotations

Branches:
Dungeon (15/15)            Temple (1/1) D:7            Lair (6/6) D:10
  Swamp (4/4) Lair:3        Snake (4/4) Lair:4        Slime (0/5) Lair:5
    Orc (2/2) D:11            Elf (0/3) Orc:2        Vaults (3/5) D:14
 Depths (0/5) D:15          Sewer (visited)          Bailey (visited)
Volcano (visited)
  Crypt: Vaults:2-3

Altars:
Ashenzari
Cheibriados
Dithmenos
Elyvilon
Fedhas
Gozag
Hepliaklqana
Kikubaaqudgha
Makhleb
Nemelex Xobeh
Okawaru
Qazlal
Ru
Sif Muna
Trog
Uskayaw
Vehumet
Wu Jian
Xom
Yredelemnul
Zin
The Shining One
Beogh
Jiyva

Shops:
D:5 :%%=   D:7 !   D:8 [:[!*   D:10 (   Orc:2 [(}:(   Vaults:1 }
Vaults:2 *:=*(

Annotations:
Lair:5 1 runed translucent door


Innate Abilities, Weirdness & Mutations

Your experience applies equally to all skills.
You have very sharp teeth.
Your uncanny sense of smell can sniff out nearby items.
You have sharp toenails.
You are partially covered in large bone plates. (SH +4)
You possess an exceptional clarity of mind.
You are dopey. (Int -2)
You passively map a small area around you.


Message History

Evoke which item? (* to show all) (? for menu, Esc to quit)
Aiming: Paralyse
Press: ? - help, Shift-Dir - straight line, f/p - fire giant
Aim: a fire giant, wielding a +1 great sword of flaming (chance to defeat MR: 33%)
The fire giant easily resists.
You feel sick.
Evoke which item? (* to show all) (? for menu, Esc to quit)
Aiming: Paralyse
Press: ? - help, Shift-Dir - straight line, f/p - fire giant
Aim: a fire giant, wielding a +1 great sword of flaming (chance to defeat MR: 33%)
The fire giant easily resists.
You feel sick.
Evoke which item? (* to show all) (? for menu, Esc to quit)
Aiming: Phantom Mirror
Press: ? - help, Dir - move target cursor, f/p - fire giant
Aim: a fire giant, wielding a +1 great sword of flaming You reflect the fire giant with the mirror, and the mirror shatters!
You feel sick.
Your fire giant hits the fire giant with a +1 great sword of flaming!
The fire giant gestures at you while chanting.
The fireball explodes!
The fireball engulfs you! You resist.
You die...

..#...)......##..'.##.####(#####
..#..........##..#.##.+..)....#
..#..........#####....#.......#
..'..........#....#'###)......#
..#..........#.##.'..##.......#
..#.....<....#.##.#..##.......#
###>.........'....#####.......#
##############''#######'#####
#@.........., , #............ ,
#C.##########. * #.C# , , , *
##* #.)# ... , #†.# ' , * * ....
#..# ,∆ , ..... #§§# ∆∆ , *
......#))#


You could see a fire giant and a friendly fire giant (summoned, drained).

Vanquished Creatures
  Rupert (Lair:5)
  2 sphinxes (Vaults:1)
  Gastronok (Lair:3)
  A tengu reaver (D:14)
  Frances (D:12)
  6 thorn hunters
  Agnes (Snake:4)
  A storm dragon (Vaults:1)
  14 nagarajas
  A fire giant (Vaults:1)
  A deep elf sorcerer (Vaults:3)
  10 vault wardens
  3 orc warlords
  A frost giant (Vaults:3)
  Aizul (Snake:3)
  12 ironheart preservers
  6 stone giants
  3 very ugly things
  3 entropy weavers
  The ghost of Becottut the Markscentaur, a journeyman CeHu of Okawaru (Lair:1)
  2 vampire knights (Swamp:4)
  2 deep elf annihilators (Vaults:3)
  An ettin (Vaults:1)
  4 fire dragons
  A deep elf death mage (Vaults:3)
  6 ogre magi (Vaults:1)
  18 vault guards
  5 yaktaur captains
  18 hydras
  3 ice dragons
  3 ghost crabs (Swamp:3)
  21 naga warriors
  7 centaur warriors
  13 alligators
  13 two-headed ogres
  2 death knights
  2 dancing weapons (Vaults:1)
  25 anacondas
  5 death yaks (Lair:6)
  The ghost of Apothem the Blocker, a novice GnFi of Qazlal (D:9)
  3 deep troll shamans
  2 deep troll earth magi
  2 tengu warriors
  A shock serpent (shapeshifter) (Vaults:1)
  3 orc high priests (Orc:2)
  10 naga sharpshooters
  The ghost of kale the Magician, a novice HuWz of Sif Muna (D:10)
  9 shock serpents
  4 deep elf knights
  An unseen horror (D:15)
  9 sea snakes (Snake:4)
  10 deep trolls
  4 salamander mystics
  3 flayed ghosts
  A glowing orange brain (Vaults:2)
  5 naga ritualists
  5 spriggan druids
  4 spectral hydras (Swamp:4)
  A lindwurm (Orc:1)
  5 ironbrand convokers
  A phantasmal warrior (Swamp:4)
  22 deep elf magi
  3 wizards
  8 swamp dragons
  5 deep elf archers
  13 orc knights
  Pikel (D:8)
  A necromancer (D:14)
  16 mana vipers
  4 oklob plants
  6 orc sorcerers
  A wolf spider (Vaults:1)
  15 ugly things
  5 salamanders
  A spectral centaur (D:9)
  5 cyclopes
  3 manticores (D:13)
  A moth of wrath (D:10)
  23 naga magi
  A molten gargoyle (Volcano)
  35 black mambas
  6 guardian serpents
  A centaur zombie (D:15)
  8 vault sentinels
  Psyche (D:11)
  5 gargoyles
  16 spiny frogs
  16 yaktaurs
  2 kobold demonologists (D:12)
  A komodo dragon (shapeshifter) (Vaults:3)
  A rime drake (Lair:4)
  An elf (Vaults:2)
  3 freezing wraiths
  8 komodo dragons
  A tengu conjurer (D:14)
  4 trolls
  A hydra zombie (Swamp:4)
  12 hornets
  2 death drake zombies (Swamp:4)
  10 polar bears
  A jumping spider (shapeshifter) (D:14)
  7 tyrant leeches
  A wolf spider simulacrum (D:9)
  2 hydra skeletons (Swamp:4)
  20 slime creatures
  22 blink frogs
  6 dream sheep
  8 bog bodies
  A death drake skeleton (Swamp:4)
  3 hippogriffs
  2 redbacks (Vaults:1)
  A vampire (D:11)
  2 spectral meliai (D:9)
  4 shadows
  14 spriggans
  A tarantella (shapeshifter) (Vaults:1)
  6 wyverns
  A spriggan (shapeshifter) (Vaults:1)
  A wraith (Vaults:1)
  34 yaks
  18 humans (D:14)
  3 basilisks
  3 steam dragons
  2 fire elementals (Volcano)
  A hog (shapeshifter) (Vaults:1)
  27 vampire mosquitoes
  A human simulacrum (Vaults:2)
  Menkaure (D:5)
  12 swamp worms
  A two-headed ogre zombie (D:11)
  4 insubstantial wisps (Swamp:1)
  3 wargs
  46 nagas
  2 hydra simulacra (Swamp:4)
  3 acid dragons
  A floating eye (Vaults:1)
  17 water moccasins
  4 porcupines (D:10)
  A hornet zombie (D:8)
  35 orc warriors
  10 swamp drakes
  2 ice beasts
  11 black bears
  A swamp dragon zombie (Swamp:4)
  A slave (D:8)
  4 sky beasts
  5 phantoms
  8 necrophages
  An eye of draining (D:9)
  25 ogres
  5 boggarts (Lair:6)
  19 wolves
  A swamp dragon skeleton (Swamp:4)
  22 centaurs
  17 crocodiles
  5 big kobolds
  17 bullfrogs
  A wyvern zombie (D:14)
  A gnoll sergeant (Orc:1)
  A deep troll simulacrum (Vaults:2)
  7 scorpions
  9 killer bees
  3 troll zombies (D:11)
  2 orc simulacra
  12 wights
  An electric eel (Lair:3)
  4 howler monkeys
  8 crimson imps
  2 bullfrog zombies
  A quasit (D:9)
  A wyvern simulacrum (D:14)
  A hound (D:4)
  3 jellies
  28 orc priests
  6 centaur skeletons
  18 orc wizards
  A gnoll shaman (D:5)
  An iron imp (D:8)
  Jessica (D:3)
  An iguana (D:6)
  Ijyb (D:3)
  11 worker ants
  2 centaur simulacra (D:9)
  4 ogre zombies (D:11)
  2 hound zombies
  2 hound skeletons
  A worker ant zombie (D:10)
  17 gnolls
  2 river rats (D:5)
  13 adders
  5 shadow imps
  An adder zombie (D:8)
  5 worms
  6 leopard geckos
  87 orcs
  8 bats
  4 giant cockroaches
  10 goblins
  7 hobgoblins
  14 jackals
  4 quokkas
  3 ball pythons (D:5)
  8 frilled lizards
  3 goblin skeletons
  7 goblin zombies
  6 hobgoblin zombies
  39 kobolds
  A kobold skeleton (D:8)
  A kobold zombie (D:8)
  4 orc skeletons
  15 orc zombies
  2 quokka skeletons
  A quokka zombie (D:5)
  6 rats
1465 creatures vanquished.

Vanquished Creatures (collateral kills)
  A naga sharpshooter (Snake:3)
  A glowing orange brain (Vaults:2)
  2 naga magi (Snake:3)
  A shadow (D:12)
5 creatures vanquished.

Vanquished Creatures (others)
  A naga warrior (Snake:4)
  A salamander mystic (Snake:4)
  2 nagas (Snake:4)
  A swamp drake (Swamp:3)
  A black bear (D:13)
  A slave (D:8)
  A bullfrog (D:8)
  A mummy (D:8)
  A leopard gecko (D:8)
  2 orcs (D:8)
  A hobgoblin zombie (D:8)
  A bush (Lair:3)
  7 fungi
  35 plants
56 creatures vanquished.

Grand Total: 1526 creatures vanquished

Notes
Turn   | Place    | Note
-------+----------+-------------------------------------------
     0 | D:1      | thirtiethelement the Gnoll Fighter began the quest for the
                  | Orb.
     0 | D:1      | Reached XP level 1. HP: 23/23 MP: 1/1
   141 | D:1      | Reached XP level 2. HP: 27/29 MP: 2/2
   421 | D:1      | Reached XP level 3. HP: 25/35 MP: 3/3
   758 | D:2      | Found a shimmering altar of Xom.
   758 | D:2      | Found a shimmering altar of Xom.
   759 | D:2      | Found a shimmering altar of Xom.
   759 | D:2      | Found a shimmering altar of Xom.
   759 | D:2      | Found a shimmering altar of Xom.
   760 | D:2      | Found a shimmering altar of Xom.
   771 | D:2      | Reached skill level 1 in Invocations
   955 | D:2      | Reached skill level 1 in Short Blades
   955 | D:2      | Reached skill level 1 in Long Blades
   955 | D:2      | Reached skill level 1 in Maces & Flails
   955 | D:2      | Reached skill level 1 in Polearms
   955 | D:2      | Reached skill level 1 in Staves
   955 | D:2      | Reached skill level 1 in Slings
   955 | D:2      | Reached skill level 1 in Bows
   955 | D:2      | Reached skill level 1 in Crossbows
   955 | D:2      | Reached skill level 1 in Throwing
   955 | D:2      | Reached skill level 1 in Dodging
   955 | D:2      | Reached skill level 1 in Stealth
   955 | D:2      | Reached skill level 1 in Unarmed Combat
   955 | D:2      | Reached skill level 1 in Spellcasting
   955 | D:2      | Reached skill level 1 in Evocations
  1119 | D:2      | Found a shimmering blue altar of Sif Muna.
  1124 | D:2      | Reached XP level 4. HP: 41/41 MP: 5/5
  1308 | D:3      | Noticed Ijyb
  1455 | D:3      | Killed Ijyb
  1857 | D:3      | Found a shadowy altar of Dithmenos.
  1861 | D:3      | Noticed Jessica
  1897 | D:3      | Killed Jessica
  1897 | D:3      | Reached skill level 1 in Conjurations
  1897 | D:3      | Reached skill level 1 in Hexes
  1897 | D:3      | Reached skill level 1 in Charms
  1897 | D:3      | Reached skill level 1 in Summonings
  1897 | D:3      | Reached skill level 1 in Necromancy
  1897 | D:3      | Reached skill level 1 in Translocations
  1897 | D:3      | Reached skill level 1 in Transmutations
  1897 | D:3      | Reached skill level 1 in Fire Magic
  1897 | D:3      | Reached skill level 1 in Ice Magic
  1897 | D:3      | Reached skill level 1 in Air Magic
  1897 | D:3      | Reached skill level 1 in Earth Magic
  1897 | D:3      | Reached skill level 1 in Poison Magic
  1897 | D:3      | Reached XP level 5. HP: 46/47 MP: 6/6
  2049 | D:4      | Reached XP level 6. HP: 53/53 MP: 8/8
  2101 | D:4      | Reached skill level 5 in Axes
  2101 | D:4      | Reached skill level 2 in Evocations
  2147 | D:4      | You fall into a shaft and drop 3 floors!
  2168 | D:7      | Found Karchepu's Distillery.
  2182 | D:7      | Noticed a steam dragon
  2197 | D:7      | Killed a steam dragon
  2197 | D:7      | Reached XP level 7. HP: 49/60 MP: 10/10
  2222 | D:7      | Noticed a steam dragon
  2236 | D:7      | HP: 1/60 [steam dragon/ball of steam (20)]
  2253 | D:7      | Killed a steam dragon
  2666 | D:6      | Reached XP level 8. HP: 66/67 MP: 12/12
  2692 | D:6      | Learned a level 1 spell: Corona
  2802 | D:5      | Entered Level 5 of the Dungeon
  2817 | D:5      | Found Jeatirghu's Book Shoppe.
  2834 | D:5      | Found Coynt's Food Boutique.
  2880 | D:5      | Noticed a gargoyle
  2893 | D:5      | Killed a gargoyle
  2893 | D:5      | Reached skill level 3 in Evocations
  2966 | D:5      | Found Tyig's Food Emporium.
  2976 | D:5      | Found Leulic's Jewellery Emporium.
  3068 | D:5      | Noticed Menkaure
  3075 | D:5      | Killed Menkaure
  3231 | D:5      | Reached XP level 9. HP: 38/72 MP: 14/14
  3329 | D:5      | Found a glowing drain.
  3347 | Sewer    | Entered a sewer
  4576 | D:6      | Reached skill level 4 in Evocations
  4583 | D:6      | Got a scorched flail
  4584 | D:6      | Identified a scroll of acquirement
  4586 | D:6      | Identified the +5 flail "Anaom" {venom, rF++} (You found it
                  | on level 6 of the Dungeon)
  4664 | D:6      | Found an ornate altar of the Wu Jian Council.
  5135 | D:7      | Found a staircase to the Ecumenical Temple.
  5147 | Temple   | Entered the Ecumenical Temple
  5215 | Temple   | Became a worshipper of Cheibriados the Contemplative
  5335 | D:7      | Learned a level 3 spell: Mephitic Cloud
  5925 | D:8      | Found Neolo's Assorted Antiques.
  5927 | D:8      | Bought an orange potion for 23 gold pieces
  5927 | D:8      | Bought a spiked plate armour for 728 gold pieces
  5927 | D:8      | Bought an orange potion for 23 gold pieces
  5927 | D:8      | Identified the cursed +1 plate armour of Zocipub {rN+
                  | Slay+3} (You bought it in a shop on level 8 of the Dungeon)
  5947 | D:8      | Noticed Pikel
  5962 | D:8      | Killed Pikel
  5990 | D:8      | Found Kaimny Dore's Distillery.
  5993 | D:8      | Bought a potion of curing for 36 gold pieces
  5993 | D:8      | Bought a potion of curing for 36 gold pieces
  6089 | D:8      | Reached skill level 5 in Invocations
  6110 | D:8      | Found a glowing golden altar of the Shining One.
  6173 | D:8      | Reached * piety under Cheibriados
  6184 | D:8      | Found Gussagho's Armour Boutique.
  6207 | D:8      | Found Biewnaf's Book Shop.
  6218 | D:8      | Reached XP level 10. HP: 80/80 MP: 17/17
  6286 | D:8      | Found a hide-covered altar of Uskayaw.
  6345 | D:8      | Found an ancient bone altar of Kikubaaqudgha.
  6703 | D:8      | Found a snail-covered altar of Cheibriados.
  6773 | D:8      | Reached skill level 5 in Short Blades
  6773 | D:8      | Reached skill level 5 in Long Blades
  6773 | D:8      | Reached skill level 5 in Maces & Flails
  6773 | D:8      | Reached skill level 5 in Polearms
  6773 | D:8      | Reached skill level 5 in Staves
  6773 | D:8      | Reached skill level 5 in Slings
  6773 | D:8      | Reached skill level 5 in Bows
  6773 | D:8      | Reached skill level 5 in Crossbows
  6773 | D:8      | Reached skill level 5 in Throwing
  6773 | D:8      | Reached skill level 5 in Dodging
  6773 | D:8      | Reached skill level 5 in Stealth
  6773 | D:8      | Reached skill level 5 in Unarmed Combat
  6773 | D:8      | Reached skill level 5 in Spellcasting
  6773 | D:8      | Reached skill level 5 in Evocations
  6889 | D:8      | Found a roughly hewn altar of Beogh.
  6898 | D:8      | Reached ** piety under Cheibriados
  7058 | D:8      | Found Juem's Antique Armour Shoppe.
  7065 | D:8      | Bought a smelly scale mail for 207 gold pieces
  7236 | D:9      | Found an ornate altar of the Wu Jian Council.
  7236 | D:9      | Found a hazy altar of Hepliaklqana.
  7240 | D:9      | Found a sparkling altar of Nemelex Xobeh.
  7659 | D:9      | Found an iron altar of Okawaru.
  7669 | D:9      | Identified the +4 scale mail of the Desolation of Salt
                  | {rN+} (You bought it in a shop on level 8 of the Dungeon)
  7767 | D:9      | Found a runed translucent gate.
  7937 | D:9      | Reached *** piety under Cheibriados
  8083 | D:9      | Found a runed translucent gate.
  8083 | D:9      | Found a runed translucent gate.
  8083 | D:9      | Noticed a spectral centaur warrior
  8085 | D:9      | Noticed Apothem's ghost (novice GnFi)
  8439 | D:10     | Entered Level 10 of the Dungeon
  8492 | D:10     | Found a staircase to the Lair.
  8646 | D:10     | Reached skill level 6 in Evocations
  8667 | D:10     | Reached XP level 11. HP: 24/87 MP: 19/19
  9008 | D:10     | Reached **** piety under Cheibriados
  9228 | D:10     | Noticed a two-headed ogre
  9229 | D:10     | Noticed a two-headed ogre
  9230 | D:10     | Noticed a moth of wrath
  9230 | D:10     | Noticed kale's ghost (novice HuWz)
  9231 | D:10     | Identified the +2 short sword of the Boiling Point {holy,
                  | rN+ Dex+2}
  9231 | D:10     | Noticed a tengu warrior
  9232 | D:10     | Found a bloodstained altar of Trog.
  9232 | D:10     | Noticed a two-headed ogre
  9238 | D:10     | Found a transporter.
  9259 | D:10     | Found a transporter.
  9260 | D:10     | Found Cofomy's Antique Weapon Emporium.
  9546 | D:11     | Noticed a cyclops
  9548 | D:11     | Killed a cyclops
  9659 | D:11     | Reached skill level 5 in Conjurations
  9659 | D:11     | Reached skill level 5 in Hexes
  9659 | D:11     | Reached skill level 5 in Charms
  9659 | D:11     | Reached skill level 5 in Summonings
  9659 | D:11     | Reached skill level 5 in Necromancy
  9659 | D:11     | Reached skill level 5 in Translocations
  9659 | D:11     | Reached skill level 5 in Transmutations
  9659 | D:11     | Reached skill level 5 in Fire Magic
  9659 | D:11     | Reached skill level 5 in Ice Magic
  9659 | D:11     | Reached skill level 5 in Air Magic
  9659 | D:11     | Reached skill level 5 in Earth Magic
  9659 | D:11     | Reached skill level 5 in Poison Magic
  9679 | D:11     | Reached ***** piety under Cheibriados
  9701 | D:11     | Found a staircase to the Orcish Mines.
  9766 | D:11     | Found a stormy altar of Qazlal.
  9796 | D:11     | Found a flagged portal.
  9812 | Bailey   | Entered a bailey
  9837 | Bailey   | Noticed an orc warlord
  9910 | Bailey   | Found a runed translucent gate.
  9912 | Bailey   | Found a runed translucent gate.
  9914 | Bailey   | Found a runed translucent gate.
 10023 | Bailey   | Killed an orc warlord
 10023 | Bailey   | Reached skill level 7 in Evocations
 10053 | Bailey   | Reached skill level 8 in Evocations
 10053 | Bailey   | Reached XP level 12. HP: 67/97 MP: 20/22
 10054 | Bailey   | Reached skill level 10 in Fighting
 10054 | Bailey   | Reached skill level 10 in Armour
 10054 | Bailey   | Reached skill level 10 in Shields
 10054 | Bailey   | Reached skill level 9 in Evocations
 10054 | Bailey   | Reached XP level 13. HP: 72/103 MP: 20/24
 10407 | D:11     | Reached ****** piety under Cheibriados
 10504 | D:11     | Noticed Psyche
 10509 | D:11     | Killed Psyche
 10730 | Orc:1    | Entered Level 1 of the Orcish Mines
 11124 | Orc:1    | Found a dark tunnel.
 11128 | Volcano  | Entered a volcano
 11716 | Orc:1    | Identified the +10 long sword of the Endless Expanse
                  | {flame, +Rage} (You found it on level 1 of the Orcish
                  | Mines)
 11719 | Orc:1    | Gained mutation: You are resistant to hostile enchantments.
                  | (MR+) [potion of mutation]
 11719 | Orc:1    | Gained mutation: Your flesh is cold resistant. (rC+)
                  | [potion of mutation]
 11719 | Orc:1    | Gained mutation: You are dopey. (Int -2) [potion of
                  | mutation]
 11719 | Orc:1    | Gained mutation: You have a pair of small antennae on your
                  | head. [potion of mutation]
 11800 | Orc:2    | Entered Level 2 of the Orcish Mines
 11800 | Orc:2    | Found Kuqarabe's Antique Armour Boutique.
 11813 | Orc:2    | Noticed an orc warlord
 11826 | Orc:2    | Killed an orc warlord
 11826 | Orc:2    | Reached skill level 10 in Evocations
 12151 | Orc:2    | Bought an embroidered cloak for 255 gold pieces
 12333 | Orc:2    | Found Nanuxt's Antique Weapon Boutique.
 12337 | Orc:2    | Reached XP level 14. HP: 93/111 MP: 26/26
 12355 | Orc:2    | Noticed an orc warlord
 12361 | Orc:2    | Killed an orc warlord
 12673 | Orc:2    | Found a staircase to the Elven Halls.
 12944 | Orc:2    | HP: 5/111 [orc warrior/+0 trident (18)]
 12957 | Orc:2    | HP: 4/111 [orc warrior/+0 scimitar (11)]
 13339 | Orc:2    | Found Kegatz's Gadget Boutique.
 13343 | Orc:2    | Found Raudghis's Weapon Shoppe.
 13349 | Orc:2    | Found Hatsibee's Book Shoppe.
 13359 | Orc:2    | Bought a dazzling long sword for 212 gold pieces
 13359 | Orc:2    | Identified the +10 long sword of Governance {freeze, rN+
                  | Int+2} (You bought it in a shop on level 2 of the Orcish
                  | Mines)
 13485 | Lair:1   | Entered Level 1 of the Lair of Beasts
 13807 | Lair:1   | Reached skill level 11 in Evocations
 13908 | Lair:1   | Found a runed translucent door.
 13913 | Lair:1   | Noticed Becottut's ghost (journeyman CeHu)
 13925 | Lair:1   | Killed Becottut's ghost
 14093 | Lair:1   | Reached skill level 10 in Axes
 15988 | Lair:3   | Found a staircase to the Swamp.
 16166 | Lair:3   | Noticed Gastronok
 16183 | Lair:3   | Killed Gastronok
 16578 | Lair:4   | Reached skill level 10 in Invocations
 16605 | Lair:4   | Reached XP level 15. HP: 105/118 MP: 28/28
 16893 | Lair:4   | Found a staircase to the Snake Pit.
 17694 | Lair:5   | Found a runed translucent door.
 17698 | Lair:5   | Found a viscous altar of Jiyva.
 17878 | Lair:5   | Noticed an acid blob
 17879 | Lair:5   | Found a staircase to the Slime Pits.
 17879 | Lair:5   | Noticed an acid blob
 17894 | Lair:5   | Noticed Rupert
 17911 | Lair:5   | Killed Rupert
 17911 | Lair:5   | Reached skill level 12 in Evocations
 18669 | Lair:6   | Entered Level 6 of the Lair of Beasts
 18814 | Lair:6   | Identified the +6 plate armour of Cueseall {rN+} (You found
                  | it on level 6 of the Lair of Beasts)
 19926 | Swamp:1  | Entered Level 1 of the Swamp
 20013 | Swamp:1  | Reached skill level 10 in Short Blades
 20013 | Swamp:1  | Reached skill level 10 in Long Blades
 20013 | Swamp:1  | Reached skill level 10 in Maces & Flails
 20013 | Swamp:1  | Reached skill level 10 in Polearms
 20013 | Swamp:1  | Reached skill level 10 in Staves
 20013 | Swamp:1  | Reached skill level 10 in Slings
 20013 | Swamp:1  | Reached skill level 10 in Bows
 20013 | Swamp:1  | Reached skill level 10 in Crossbows
 20013 | Swamp:1  | Reached skill level 10 in Throwing
 20013 | Swamp:1  | Reached skill level 10 in Dodging
 20013 | Swamp:1  | Reached skill level 10 in Stealth
 20013 | Swamp:1  | Reached skill level 10 in Unarmed Combat
 20013 | Swamp:1  | Reached skill level 10 in Spellcasting
 20237 | D:5      | Bought an uncursed amulet of regeneration for 360 gold
                  | pieces
 20621 | Swamp:1  | Learned a level 4 spell: Summon Lightning Spire
 20960 | Swamp:1  | Reached XP level 16. HP: 116/127 MP: 30/30
 21427 | Swamp:2  | Reached skill level 13 in Evocations
 22802 | Swamp:3  | Noticed a thorn hunter
 22810 | Swamp:3  | Killed a thorn hunter
 22836 | Swamp:4  | Entered Level 4 of the Swamp
 23101 | Swamp:4  | Noticed a thorn hunter
 23118 | Swamp:4  | Killed a thorn hunter
 23460 | Swamp:4  | Reached XP level 17. HP: 45/135 MP: 29/31
 23639 | Swamp:4  | Reached skill level 14 in Evocations
 23765 | Swamp:4  | Found a blossoming altar of Fedhas.
 23802 | Swamp:4  | Got a decaying rune of Zot
 23859 | Swamp:4  | Found a basalt altar of Yredelemnul.
 24322 | Snake:1  | Entered Level 1 of the Snake Pit
 25012 | Snake:1  | Found an ornate altar of the Wu Jian Council.
 25809 | Snake:2  | Identified the +7 hand axe of the End {freeze, *Corrode
                  | rC++ rN+ Stlth+} (You found it on level 2 of the Snake Pit)
 26224 | Snake:2  | Reached XP level 18. HP: 118/143 MP: 33/33
 26335 | Snake:3  | Found an opulent altar of Gozag.
 26408 | Snake:3  | Noticed Aizul
 26416 | Snake:3  | Killed Aizul
 26611 | Snake:3  | Reached skill level 15 in Evocations
 26648 | Snake:3  | Reached skill level 10 in Conjurations
 26648 | Snake:3  | Reached skill level 10 in Hexes
 26648 | Snake:3  | Reached skill level 10 in Charms
 26648 | Snake:3  | Reached skill level 10 in Summonings
 26648 | Snake:3  | Reached skill level 10 in Necromancy
 26648 | Snake:3  | Reached skill level 10 in Translocations
 26648 | Snake:3  | Reached skill level 10 in Transmutations
 26648 | Snake:3  | Reached skill level 10 in Fire Magic
 26648 | Snake:3  | Reached skill level 10 in Ice Magic
 26648 | Snake:3  | Reached skill level 10 in Air Magic
 26648 | Snake:3  | Reached skill level 10 in Earth Magic
 26648 | Snake:3  | Reached skill level 10 in Poison Magic
 27812 | Snake:4  | Entered Level 4 of the Snake Pit
 28571 | Snake:4  | Reached XP level 19. HP: 67/150 MP: 29/35
 28968 | Snake:4  | Got a serpentine rune of Zot
 29122 | Snake:4  | Reached skill level 16 in Evocations
 29709 | Snake:4  | Noticed Agnes
 29712 | Snake:4  | Killed Agnes
 30432 | D:10     | Killed kale's ghost
 30540 | D:9      | Killed Apothem's ghost
 30768 | D:12     | Noticed Frances
 30777 | D:12     | Killed Frances
 31595 | D:13     | Found a stormy altar of Qazlal.
 33071 | D:14     | Found a gate to the Vaults.
 33241 | D:14     | Lost mutation: You have a pair of small antennae on your
                  | head. [potion of mutation]
 33241 | D:14     | Lost mutation: You are dopey. (Int -2) [potion of mutation]
 33241 | D:14     | Lost mutation: Your flesh is cold resistant. (rC+) [potion
                  | of mutation]
 33241 | D:14     | Lost mutation: You are resistant to hostile enchantments.
                  | (MR+) [potion of mutation]
 33241 | D:14     | Gained mutation: You occasionally shout uncontrollably at
                  | your foes. [potion of mutation]
 33241 | D:14     | Gained mutation: You are partially covered in rugged brown
                  | scales. (AC +1, +3% HP) [potion of mutation]
 33242 | D:14     | Lost mutation: You occasionally shout uncontrollably at
                  | your foes. [potion of mutation]
 33242 | D:14     | Gained mutation: You do not regenerate when monsters are
                  | visible. [potion of mutation]
 33242 | D:14     | Gained mutation: You passively map a small area around you.
                  | [potion of mutation]
 33243 | D:14     | Lost mutation: You are partially covered in rugged brown
                  | scales. (AC +1, +3% HP) [potion of mutation]
 33243 | D:14     | Lost mutation: You do not regenerate when monsters are
                  | visible. [potion of mutation]
 33243 | D:14     | Gained mutation: You have sharp toenails. [potion of
                  | mutation]
 33243 | D:14     | Gained mutation: You are dopey. (Int -2) [potion of
                  | mutation]
 33243 | D:14     | Gained mutation: Your flesh is heat resistant. (rF+)
                  | [potion of mutation]
 33244 | D:14     | Lost mutation: Your flesh is heat resistant. (rF+) [potion
                  | of mutation]
 33244 | D:14     | Gained mutation: You possess an exceptional clarity of
                  | mind. [potion of mutation]
 33244 | D:14     | Gained mutation: You are partially covered in large bone
                  | plates. (SH +4) [potion of mutation]
 33615 | D:15     | Entered Level 15 of the Dungeon
 33711 | D:15     | Reached XP level 20. HP: 159/159 MP: 36/36
 34058 | D:15     | Found a staircase to the Depths.
 34549 | Vaults:1 | Entered Level 1 of the Vaults
 34591 | Vaults:1 | Paralysed by an ogre mage for 4 turns
 34892 | Vaults:1 | Reached skill level 17 in Evocations
 35357 | Vaults:1 | Found Jeakumus's Gadget Shoppe.
 35916 | Vaults:1 | Paralysed by a floating eye for 3 turns
 36345 | Vaults:1 | Paralysed by a sphinx for 4 turns
 36353 | Vaults:1 | Reached XP level 21. HP: 153/166 MP: 38/38
 36476 | Vaults:1 | Learned a level 5 spell: Fireball
 36483 | Vaults:1 | Learned a level 6 spell: Freezing Cloud
 37191 | Vaults:2 | Found Fahis's Antique Weapon Shop.
 37240 | Vaults:2 | Found Sazih's General Store.
 37249 | Vaults:2 | Bought a scroll of enchant weapon for 90 gold pieces
 37506 | Vaults:2 | Found Ugollu's Book Boutique.
 37725 | Vaults:2 | Found Jaistuv's Jewellery Shoppe.
 37731 | Vaults:2 | Bought the ring of the Death Scarab {rF+ MR++ AC+4} for 992
                  | gold pieces
 37760 | Vaults:2 | Found Ubeuhox's Assorted Antiques.
 37768 | Vaults:2 | Bought a paperback book for 375 gold pieces
 38146 | Vaults:2 | Reached skill level 18 in Evocations
 38291 | Vaults:3 | Reached skill level 15 in Fighting
 38291 | Vaults:3 | Reached skill level 15 in Armour
 38291 | Vaults:3 | Reached skill level 15 in Shields
 38634 | Vaults:3 | Reached skill level 15 in Invocations
 38657 | Vaults:3 | HP: 7/168 [ice dragon/blast of cold (14)]
 38662 | Vaults:3 | HP: 6/168 [poisoned by an ogre mage (bolt of poison)]
 38666 | Vaults:3 | Killed from afar by a fire giant

Illustrated notes

Levels and vault maps discovered:
D:1:      saegor_arrival_under_anarchy, layout_basic
D:2:      layout_basic, lemuel_blue_sif_altar, xom_redecorated
D:3:      layout_rooms, nicolae_dithmenos_shadow_blocks, first_ration,
          uniq_jessica, uniq_ijyb
D:4:      layout_cave_pools, minmay_cut_off
D:5:      layout_basic, serial_shops, shop, shop_statue,
          nicolae_shop_waterfront, nicolae_shop_trees, portal_sewer_entry_b,
          uniq_menkaure
D:6:      layout_loops_ring, lemuel_statue_altar
D:7:      cheibrodos_steamvent, layout_basic, minmay_temple_entry_overgrown,
          serial_shops, shop, grunt_ogre_cave
D:8:      layout_loops_ring, lemuel_round_altar, nicolae_tso_besieged_by_evil,
          lemuel_round_altar, serial_shops, shop, kennysheep_mini, shop, shop,
          nicolae_shop_behind_doors, special_room [special_room_orc],
          glass_columns_b, chei_slow_surprise, uniq_pikel
D:9:      layout_cave_pods, nicolae_overflow_hidden_temple,
          nemelex_xobeh_ov_fountains_minmay, gammafunk_ghost_necromancy,
          okawaru_altar_gauntlet_db
D:10:     nicolae_whirlpool, layout_long_grid, minmay_lair_entry_grove,
          gammafunk_ghost_wrathful_warriors, serial_shops, shop
D:11:     layout_long_grid, zombieorc2_lemuel, basic_altar, enter_bailey_2,
          uniq_psyche
D:12:     layout_stronghold, uniq_frances
D:13:     minmay_bloctagon_deflated, layout_layer_cave, grunt_qazlal_clouds
D:14:     minmay_strange_plus, layout_basic, grunt_vaults_entry_tiered,
          serial_park_tiny_1
D:15:     grunt_enter_depths_hoard, layout_gridville, chequers_mini_garden
Temple:   nicolae_temple_x_marks_the_god
Lair:1:   beast_lair_carwin_large_4, layout_cave_pods,
          ebering_ghost_reflecting_pool, chequers_serial_rivers_micro_c,
          chequers_serial_rivers_small_3, serial_bayou_ford_a,
          eino_small_chamber_without_monster
Lair:2:   layout_small_grid
Lair:3:   layout_loops_ring, minmay_swamp_entry_worms,
          hangedman_lair_unloving_vines, minmay_hedge_maze, serial_bayou_pond_a,
          uniq_gastronok
Lair:4:   layout_cellular_growth, dummy_snake_entry, grunt_megastairs_4,
          serial_bayou_shore_a
Lair:5:   layout_cave_pods, slime_altar_2, serial_bayou_shore_b,
          serial_bayou_shore_b, uniq_rupert
Lair:6:   minmay_lair_end_enchanted_forest, layout_small_grid, st_stairs_4
Swamp:1:  layout_basic_swamp, basic_altar
Swamp:2:  layout_basic_swamp, nicolae_swamp_very_dense_foliage, swamp_pool4,
          hangedman_swamp_blocks, roderic_carrion_pond
Swamp:3:  layout_basic_swamp, evilmike_swamp_ruin_wall
Swamp:4:  byrel_swamp_growth_death_and_undeath, layout_basic_swamp, swamp_pool5,
          grunt_witch_cave
Snake:1:  layout_misc_corridors, basic_altar, grunt_ministairs_15,
          eino_curves_02
Snake:2:  cheibrodos_forgotten_conduit, layout_rooms
Snake:3:  layout_cave_town, basic_altar, hangedman_snake_sidewinding, uniq_aizul
Snake:4:  grunt_snake_rune_pools, layout_cave_town, uniq_agnes
Orc:1:    layout_diamond_mine, nicolae_volcano_entry_vermiform, mines3_lemuel
Orc:2:    st_orc_elflike, layout_diamond_mine, serial_shops, shop
Vaults:1: st_greater_box_3, ontoclasm_vaults_shuriken, v_alt_pattern_5,
          v_pattern_4, ontoclasm_vaults_hangar,
          vaults_room_grunt_arrival_ludios, layout_vaults_omnigrid,
          serial_shops, nicolae_shop_behind_doors
Vaults:2: nicolae_vaults_holding_cells, vaults_room_pools,
          ontoclasm_vaults_decontamination, hangedman_vaults_slice,
          nicolae_vaults_network_quincunx
          [nicolae_vaults_network_quincunx_subvault,
          nicolae_vaults_network_quincunx_subvault,
          nicolae_vaults_network_quincunx_subvault,
          nicolae_vaults_network_quincunx_subvault,
          nicolae_vaults_network_quincunx_subvault],
          nicolae_vaults_little_squares_6, ontoclasm_vaults_pinch,
          ontoclasm_vaults_misaligned, v_alt_pattern_6, vaults_room_semicircle,
          v_rooms_4, nicolae_vaults_mini_display_case, layout_vaults_omnicross,
          serial_shops, shop, nicolae_shop_stone,
          nicolae_shop_competitors_out_of_business, shop,
          nicolae_shop_statue_plus
Vaults:3: st_squares, minmay_crypt_entry_necro_gods,
          nicolae_vaults_little_squares_4,
          vaults_standard_mumra_enter_the_diamond, vaults_room_hallway,
          v_misc_3, nicolae_vaults_twisting_passages, v_misc_25, v_misc_24,
          vaults_standard_mumra_lines, vaults_mumra_minichess,
          layout_vaults_maze

Skill      XL: |  1  2  3  4  5  6  7  8  9 10 11 12 13 14 15 16 17 18 19 20 21 |
---------------+----------------------------------------------------------------+-----
Invocations    | 1 2 3 4 5 6 7 8 10 11 12 13 14 15 | 15.0
Short Blades   | 1 2 3 4 5 7 8 9 10 11 12 13 14 | 14.0
Long Blades    | 1 2 3 4 5 7 8 9 10 11 12 13 14 | 14.0
Maces & Flails | 1 2 3 4 5 7 8 9 10 11 12 13 14 | 14.0
Polearms       | 1 2 3 4 5 7 8 9 10 11 12 13 14 | 14.0
Staves         | 1 2 3 4 5 7 8 9 10 11 12 13 14 | 14.0
Slings         | 1 2 3 4 5 7 8 9 10 11 12 13 14 | 14.0
Bows           | 1 2 3 4 5 7 8 9 10 11 12 13 14 | 14.0
Crossbows      | 1 2 3 4 5 7 8 9 10 11 12 13 14 | 14.0
Throwing       | 1 2 3 4 5 7 8 9 10 11 12 13 14 | 14.0
Dodging        | 1 2 3 4 5 7 8 9 10 11 12 13 14 | 14.0
Stealth        | 1 2 3 4 5 7 8 9 10 11 12 13 14 | 14.0
Unarmed Combat | 1 2 3 4 5 7 8 9 10 11 12 13 14 | 14.0
Spellcasting   | 1 2 3 4 5 7 8 9 10 11 12 13 14 | 14.0
Evocations     | 1 2 3 4 6 8 9 10 11 12 13 14 15 16 17 18 | 18.2
Conjurations   | 1 2 3 4 5 6 7 8 9 10 11 12 | 12.0
Hexes          | 1 2 3 4 5 6 7 8 9 10 11 12 | 12.0
Charms         | 1 2 3 4 5 6 7 8 9 10 11 12 | 12.0
Summonings     | 1 2 3 4 5 6 7 8 9 10 11 12 | 12.0
Necromancy     | 1 2 3 4 5 6 7 8 9 10 11 12 | 12.0
Translocations | 1 2 3 4 5 6 7 8 9 10 11 12 | 12.0
Transmutations | 1 2 3 4 5 6 7 8 9 10 11 12 | 12.0
Fire Magic     | 1 2 3 4 5 6 7 8 9 10 11 12 | 12.0
Ice Magic      | 1 2 3 4 5 6 7 8 9 10 11 12 | 12.0
Air Magic      | 1 2 3 4 5 6 7 8 9 10 11 12 | 12.0
Earth Magic    | 1 2 3 4 5 6 7 8 9 10 11 12 | 12.0
Poison Magic   | 1 2 3 4 5 6 7 8 9 10 11 12 | 12.0
Axes           | 5 6 7 8 9 10 11 12 13 14 | 14.5
Fighting       | 7 8 9 10 11 12 13 14 15 | 15.1
Armour         | 7 8 9 10 11 12 13 14 15 | 15.1
Shields        | 7 8 9 10 11 12 13 14 15 | 15.1

Action                   |  1- 3 |  4- 6 |  7- 9 | 10-12 | 13-15 | 16-18 | 19-21 || total
-------------------------+-------+-------+-------+-------+-------+-------+-------++-------
Melee: War axe           |    48 |       |       |       |       |       |       ||    48
       Bite              |     9 |     7 |    37 |    64 |   166 |   173 |   329 ||   785
       Hand axe          |    35 |    84 |   180 |    10 |       |       |       ||   309
       Flail             |       |       |    89 |   358 |   521 |       |    16 ||   984
       Long sword        |       |       |       |       |   268 |   683 |  1312 ||  2263
Throw: Boomerang         |       |       |     2 |    31 |   154 |   448 |   104 ||   739
 Cast: Summon Lightning  |       |       |       |       |       |     2 |     2 ||     4
       Corona            |       |       |       |       |       |       |     1 ||     1
       Fireball          |       |       |       |       |       |       |     4 ||     4
       Freezing Cloud    |       |       |       |       |       |       |     2 ||     2
Invok: Slouch            |       |       |       |     1 |     4 |    17 |    19 ||    41
Evoke: Wand              |       |     4 |     1 |     1 |    10 |    18 |     6 ||    40
       Phantom mirror    |       |       |       |       |       |       |     1 ||     1
  Use: Scroll            |     6 |     3 |    11 |     9 |    17 |     7 |     6 ||    59
       Potion            |       |       |     5 |     2 |     9 |     3 |     6 ||    25
 Stab: Sleeping          |       |       |       |       |     1 |       |     8 ||     9
       Paralysed         |       |       |       |       |       |     7 |       ||     7
       Distracted        |       |       |       |       |       |     1 |     2 ||     3
  Eat: Chunk             |     1 |     3 |     4 |     5 |     4 |     6 |    14 ||    37
       Ration            |       |       |     3 |     1 |     5 |     3 |     2 ||    14
Armor: Scale mail        |    29 |    32 |    63 |       |       |       |       ||   124
       Plate armour      |       |       |    26 |   142 |   219 |   286 |   319 ||   992
Dodge: Dodged            |    24 |    24 |    82 |   124 |   436 |   556 |   679 ||  1925
Block: Kite shield       |    35 |    49 |   185 |   402 |   982 |   819 |  1316 ||  3788
       Reflection        |       |       |       |    55 |    21 |       |       ||    76
       Rpst.: Long sword |       |       |       |       |    36 |   105 |   138 ||   279

Table legend:
 A = Non-vault XP
 B = Vault XP
 C = Vault XP percentage of total XP
 D = Non-vault monster count
 E = Vault monster count
 F = Vault count percentage of total count
                 A         B        C        D         E       F
            +---------+---------+-------+---------+---------+-------
      Total |  285700 |  267101 |  48.3 |     914 |     559 |  37.9
            +---------+---------+-------+---------+---------+-------
        D:1 |      36 |       0 |   0.0 |      22 |       0 |   0.0
        D:2 |      49 |       0 |   0.0 |      17 |       0 |   0.0
        D:3 |       9 |      73 |  89.0 |       6 |       2 |  25.0
        D:4 |     323 |     104 |  24.4 |      21 |       4 |  16.0
        D:5 |    1040 |     214 |  17.1 |      34 |       9 |  20.9
        D:6 |     633 |       0 |   0.0 |      10 |       0 |   0.0
        D:7 |     297 |     491 |  62.3 |      11 |       3 |  21.4
        D:8 |    1302 |    1114 |  46.1 |      24 |      32 |  57.1
        D:9 |    1557 |    2492 |  61.5 |      29 |      13 |  31.0
       D:10 |    1146 |    7124 |  86.1 |      21 |      22 |  51.2
       D:11 |    1751 |    1220 |  41.1 |      34 |      37 |  52.1
       D:12 |    4511 |    2048 |  31.2 |      43 |       1 |   2.3
       D:13 |    7520 |    1735 |  18.7 |      30 |       4 |  11.8
       D:14 |   10489 |   14631 |  58.2 |      35 |      34 |  49.3
       D:15 |    8266 |    2152 |  20.7 |      28 |       2 |   6.7
     Lair:1 |    4641 |    4327 |  48.2 |      20 |      17 |  45.9
     Lair:2 |    3069 |       0 |   0.0 |      11 |       0 |   0.0
     Lair:3 |    3588 |    3072 |  46.1 |      19 |       4 |  17.4
     Lair:4 |    8850 |    1041 |  10.5 |      28 |       7 |  20.0
     Lair:5 |    7304 |    2936 |  28.7 |      23 |       1 |   4.2
     Lair:6 |    6549 |    7801 |  54.4 |      15 |      42 |  73.7
    Swamp:1 |   12205 |       0 |   0.0 |      27 |       0 |   0.0
    Swamp:2 |    8658 |     846 |   8.9 |      25 |       7 |  21.9
    Swamp:3 |   15647 |       0 |   0.0 |      33 |       0 |   0.0
    Swamp:4 |   12937 |   32527 |  71.5 |      29 |      46 |  61.3
    Snake:1 |   18521 |    2415 |  11.5 |      39 |       3 |   7.1
    Snake:2 |   11669 |    6515 |  35.8 |      23 |      10 |  30.3
    Snake:3 |   22106 |   14700 |  39.9 |      36 |      22 |  37.9
    Snake:4 |   26821 |   45120 |  62.7 |      36 |      60 |  62.5
      Orc:1 |    1464 |    1248 |  46.0 |      22 |       2 |   8.3
      Orc:2 |    6824 |    8276 |  54.8 |      34 |      25 |  42.4
   Vaults:1 |   25653 |   65945 |  72.0 |      44 |      69 |  61.1
   Vaults:2 |   26128 |   24529 |  48.4 |      44 |      33 |  42.9
   Vaults:3 |   24137 |    8955 |  27.1 |      41 |      11 |  21.2
      Sewer |       0 |     107 | 100.0 |       0 |       6 | 100.0
     Bailey |       0 |    2115 | 100.0 |       0 |      27 | 100.0
    Volcano |       0 |    1228 | 100.0 |       0 |       4 | 100.0
            +---------+---------+-------+---------+---------+-------
